 Dungeon Crawl Stone Soup version 0.27-a0-1219-g958d993ae5 (webtiles) character file.

Game seed: 17275632726400098825

2702 hatdisgam the Frost Mage (level 9, -1/68 HPs)
             Began as a Gnoll Ice Elementalist on June 7, 2021.
             Was an Initiate of Cheibriados.
             Hit by a stone thrown by something (8 damage)
             ... on level 6 of the Dungeon.
             The game lasted 00:13:27 (7945 turns).

hatdisgam the Frost Mage (Gnoll Ice Elementalist)   Turns: 7945, Time: 00:13:27

Health: -1/68      AC:  7    Str:  9    XL:     9   Next: 65%
Magic:  18/20      EV: 13    Int: 18    God:    Cheibriados [......]
Gold:   48         SH:  5    Dex: 14    Spells: 19/23 levels left

rFire    x . .     SeeInvis .   s - +5 war axe "Nuhiar" {holy, rN+}
rCold    + . .     Faith    .   n - +0 buckler
rNeg     + . .     Spirit   .   k - +0 ring mail
rPois    .         Reflect  .   (no helmet)
rElec    .         Harm     .   (no cloak)
rCorr    .         Rampage  .   j - +0 pair of gloves
Will     .....                  (no boots)
Stlth    +++.......             (no amulet)
HPRegen  0.21/turn              c - ring of ice
MPRegen  0.17/turn              (no ring)

@: very slow
A: fangs 1, strong nose, distributed training
a: Renounce Religion, Bend Time


You were on level 6 of the Dungeon.
You worshipped Cheibriados.
Cheibriados was noncommittal.
You visited 2 branches of the dungeon, and saw 8 of its levels.

You collected 252 gold pieces.
You spent 204 gold pieces at shops.

Inventory:

Hand Weapons
 g - a +0 short sword
 h - a +0 dagger of venom
 m - a +1 war axe of draining
 s - the +5 war axe "Nuhiar" (weapon) {holy, rN+}
   (You bought it in a shop on level 3 of the Dungeon)

   It has been blessed by the Shining One to cause great damage to the undead
   and demons.
   It protects you from negative energy.
 w - a +1 dagger of venom
Missiles
 e - 107 arrows
 f - 131 stones
 i - 77 sling bullets
 q - 6 curare-tipped darts
 u - 9 poisoned darts
 y - 22 bolts
Armour
 a - a +0 robe
 j - a +0 pair of gloves (worn)
 k - a +0 ring mail (worn)
 n - a +0 buckler (worn)
Jewellery
 b - an amulet of guardian spirit
 c - a ring of ice (left hand)
Wands
 p - a wand of digging (2)
Scrolls
 d - 2 scrolls of identify
 l - 2 scrolls of immolation
 o - a scroll of summoning
 v - a scroll of blinking
 x - a scroll of fog {unknown}
Potions
 r - a potion of ambrosia {unknown}


   Skills:
 + Level 5.6 Fighting
 + Level 5.6 Short Blades
 + Level 5.6 Long Blades
 + Level 5.6 Axes
 + Level 5.6 Maces & Flails
 + Level 5.6 Polearms
 + Level 5.6 Staves
 + Level 5.6 Slings
 + Level 5.6 Bows
 + Level 5.6 Crossbows
 + Level 5.6 Throwing
 + Level 5.6 Armour
 + Level 7.3 Dodging
 + Level 7.1 Stealth
 + Level 5.6 Shields
 + Level 5.6 Unarmed Combat
 + Level 7.6 Spellcasting
 + Level 4.6 Conjurations
 + Level 4.6 Hexes
 + Level 4.6 Summonings
 + Level 4.6 Necromancy
 + Level 4.6 Translocations
 + Level 4.6 Transmutations
 + Level 4.6 Fire Magic
 + Level 8.6 Ice Magic
 + Level 4.6 Air Magic
 + Level 4.6 Earth Magic
 + Level 4.6 Poison Magic
 + Level 6.1 Invocations
 + Level 5.6 Evocations


You had 19 spell levels left.
You knew the following spells:

 Your Spells              Type           Power      Damage    Failure   Level
a - Freeze                Ice            100%       1d11      1%          1
b - Frozen Ramparts       Ice            100%       1d12      2%          3

Your spell library contained the following spells:

 Spells                   Type           Power      Damage    Failure   Level
 Ozocubu's Armour         Ice            54%        N/A       2%          3
 Confusing Touch          Hex            23%        N/A       12%         3
 Gell's Gravitas          Tloc           11%        N/A       12%         3
 Hailstorm                Conj/Ice       46%        3d11      17%         4
 Petrify                  Tmut/Erth      23%        N/A       36%         4
 Metabolic Englaciation   Hex/Ice        23%        N/A       43%         5
 Yara's Violent Unravell  Hex/Tmut       11%        3d6       71%         5


Dungeon Overview and Level Annotations

Branches:
Dungeon (7/15)             Temple (1/1) D:5

Altars:
Cheibriados
Dithmenos
Gozag
Sif Muna
Wu Jian
Zin

Shops:
D:3 (   D:4 =

Annotations:
D:3 Edmund
D:6 exclusions: electric eel and 1 more exclusion


Innate Abilities, Weirdness & Mutations

You have very sharp teeth.
Your uncanny sense of smell can sniff out nearby items.
Your experience applies equally to all skills.


Message History

An orc warrior is nearby!
The orc warrior drinks a potion.
The orc warrior flickers and vanishes!
Deactivating autopickup; reactivate with Ctrl-A.
Items here: )) [ ††.
Casting: Frozen Ramparts (dangerous; 2% risk of failure)
Confirm with . or Enter, or press ? or * to list all spells.
You can't see any susceptible monsters within range! (Use Z to cast anyway.) Unknown command.
Casting: Frozen Ramparts (dangerous; 2% risk of failure)
Confirm with . or Enter, or press ? or * to list all spells.
Casting: Frozen Ramparts (dangerous; 2% risk of failure)
Press: ? - help, Dir - look around, f - activate You feel a surge of power!
The walls around you are covered in ice.
The wall freezes something!
Something hits you!
Unknown command.
Your frozen ramparts will break if you move.
Continue?
Okay, then.
Your frozen ramparts will break if you move.
Continue?
Okay, then.
Unknown command.
Your frozen ramparts will break if you move.
Continue?
You closely miss something. You bite something.
The wall freezes something.
Something hits you!
The wall freezes something.
Something hits you!
Unknown command.
Your frozen ramparts will break if you move.
Continue?
Okay, then.
Your frozen ramparts will break if you move.
Continue?
The frozen ramparts melt away as you move.
Something hits you! Something hits you!
* * * LOW HITPOINT WARNING * * *
You block something's attack.
A stone appears from out of thin air!
The stone hits you!
* * * LOW HITPOINT WARNING * * *
The shadow imp shouts!
A stone appears from out of thin air!
The stone hits you.
* * * LOW HITPOINT WARNING * * *
A stone appears from out of thin air!
The stone hits you!
You die...

*,,,,,,,,* #..
#.******** ##< #.* ##
#.*
##.#################
#...................
#..##.###...........
###.........##.###....
#....@....5..#.###.###
#.#................#
*,#.#........#.##..#
*,#.#...{.)........#
*,#,#####.#.##.#..####
*,*,* #.#...........
*,*,****#.##......####
*,,,,,,,.......####
**,,,****#.###.##******


You could see a shadow imp.

Vanquished Creatures
  Grinder (D:7)
  Prince Ribbit (D:5)
  A water moccasin (D:6)
  Duvessa (D:6)
  A necrophage (D:6)
  An ogre (D:6)
  A centaur (D:6)
  A wyvern zombie (D:5)
  Dowan (D:6)
  A water moccasin zombie (D:5)
  A water moccasin skeleton (D:5)
  2 centaur zombies
  2 centaur skeletons
  3 orc priests
  3 iguanas
  4 orc wizards
  A killer bee zombie (D:6)
  2 howler monkey zombies
  2 adders
  A shadow imp (D:5)
  A worm (D:2)
  A dart slug (D:3)
  4 orcs
  4 bats
  6 endoplasms
  7 goblins
  5 hobgoblins
  12 jackals
  10 kobolds
  3 quokkas
  4 ball pythons
  3 frilled lizards
  6 rats
97 creatures vanquished.

Vanquished Creatures (others)
  2 plants (D:1)
2 creatures vanquished.

Grand Total: 99 creatures vanquished

Notes
Turn   | Place    | Note
-------+----------+-------------------------------------------
     0 | D:1      | hatdisgam the Gnoll Ice Elementalist began the quest for
                  | the Orb.
     0 | D:1      | Reached XP level 1. HP: 13/13 MP: 6/6
   140 | D:1      | Reached XP level 2. HP: 18/19 MP: 2/7
   658 | D:1      | Reached XP level 3. HP: 4/25 MP: 1/9
   669 | D:1      | Reached skill level 5 in Spellcasting
  1870 | D:1      | Learned a level 3 spell: Frozen Ramparts
  1920 | D:2      | Reached skill level 1 in Invocations
  2165 | D:2      | Reached skill level 1 in Fighting
  2165 | D:2      | Reached skill level 1 in Short Blades
  2165 | D:2      | Reached skill level 1 in Long Blades
  2165 | D:2      | Reached skill level 1 in Axes
  2165 | D:2      | Reached skill level 1 in Maces & Flails
  2165 | D:2      | Reached skill level 1 in Polearms
  2165 | D:2      | Reached skill level 1 in Staves
  2165 | D:2      | Reached skill level 1 in Slings
  2165 | D:2      | Reached skill level 1 in Bows
  2165 | D:2      | Reached skill level 1 in Crossbows
  2165 | D:2      | Reached skill level 1 in Throwing
  2165 | D:2      | Reached skill level 1 in Armour
  2165 | D:2      | Reached skill level 1 in Shields
  2165 | D:2      | Reached skill level 1 in Unarmed Combat
  2165 | D:2      | Reached skill level 1 in Evocations
  2384 | D:2      | Reached XP level 4. HP: 28/32 MP: 9/11
  3138 | D:3      | Found a faded altar of an unknown god.
  3195 | D:3      | Found Qoqiliup's Antique Weapon Boutique.
  3664 | D:4      | Reached skill level 1 in Conjurations
  3664 | D:4      | Reached skill level 1 in Hexes
  3664 | D:4      | Reached skill level 1 in Summonings
  3664 | D:4      | Reached skill level 1 in Necromancy
  3664 | D:4      | Reached skill level 1 in Translocations
  3664 | D:4      | Reached skill level 1 in Transmutations
  3664 | D:4      | Reached skill level 1 in Fire Magic
  3664 | D:4      | Reached skill level 1 in Air Magic
  3664 | D:4      | Reached skill level 1 in Earth Magic
  3664 | D:4      | Reached skill level 1 in Poison Magic
  3664 | D:4      | Reached XP level 5. HP: 37/37 MP: 8/12
  4057 | D:4      | Found Fuecia's Jewellery Emporium.
  4131 | D:4      | You fall into a shaft and drop 2 floors!
  4131 | D:6      | Noticed an orc warrior
  4167 | D:6      | Noticed a centaur
  4173 | D:6      | Killed a centaur
  4174 | D:6      | Reached XP level 6. HP: 5/44 MP: 13/13
  4180 | D:6      | Reached skill level 5 in Dodging
  4481 | D:5      | Entered Level 5 of the Dungeon
  5252 | D:5      | Reached XP level 7. HP: 22/50 MP: 15/15
  5454 | D:5      | Found a staircase to the Ecumenical Temple.
  5458 | D:5      | Noticed Prince Ribbit
  5464 | D:5      | Killed Prince Ribbit
  5465 | D:5      | Reached skill level 5 in Stealth
  5716 | D:5      | Noticed Edmund
  5866 | Temple   | Entered the Ecumenical Temple
  5872 | Temple   | Became a worshipper of Cheibriados the Contemplative
  6649 | D:6      | Reached XP level 8. HP: 49/57 MP: 16/16
  6897 | D:6      | Noticed Grinder
  6898 | D:6      | Noticed Duvessa
  6898 | D:6      | Noticed Dowan
  6908 | D:6      | Killed Duvessa
  6909 | D:6      | Killed Dowan
  7086 | D:6      | Reached skill level 5 in Fighting
  7086 | D:6      | Reached skill level 5 in Short Blades
  7086 | D:6      | Reached skill level 5 in Long Blades
  7086 | D:6      | Reached skill level 5 in Axes
  7086 | D:6      | Reached skill level 5 in Maces & Flails
  7086 | D:6      | Reached skill level 5 in Polearms
  7086 | D:6      | Reached skill level 5 in Staves
  7086 | D:6      | Reached skill level 5 in Slings
  7086 | D:6      | Reached skill level 5 in Bows
  7086 | D:6      | Reached skill level 5 in Crossbows
  7086 | D:6      | Reached skill level 5 in Throwing
  7086 | D:6      | Reached skill level 5 in Armour
  7086 | D:6      | Reached skill level 5 in Shields
  7086 | D:6      | Reached skill level 5 in Unarmed Combat
  7086 | D:6      | Reached skill level 8 in Ice Magic
  7086 | D:6      | Reached skill level 5 in Evocations
  7086 | D:6      | Reached XP level 9. HP: 5/68 MP: 14/20
  7087 | D:6      | HP: 3/68 [killer bee zombie (2)]
  7411 | D:7      | Killed Grinder
  7817 | D:3      | Bought a pitted war axe for 204 gold pieces
  7817 | D:3      | Identified the +5 war axe "Nuhiar" {holy, rN+} (You bought
                  | it in a shop on level 3 of the Dungeon)
  7945 | D:6      | Hit by a stone thrown by something

Illustrated notes

Levels and vault maps discovered:
D:1:      dpeg_arrival_castle, layout_loops_ring, serial_bayou,
          serial_bayou_ford_a, serial_bayou_pond_b, serial_bayou_lagoon_a,
          serial_bayou_pond_c, serial_bayou_shore_a
D:2:      layout_loops_ring
D:3:      layout_loops_ring, basic_ecumenical_altar, serial_shops,
          shop_fountains
D:4:      layout_basic, minmay_shop_enchanted_jewellery, minmay_statues_item
D:5:      layout_gridville, minmay_temple_entry_glass,
          hangedman_abyss_or_decor_stagger, uniq_prince_ribbit1, uniq_edmund
D:6:      layout_loops_ring, grunt_ministairs_5, nicolae_water_bricks,
          lightli_minifort, uniq_grinder, uniq_duvessa, uniq_pikel
D:7:      layout_rooms, serial_undead, serial_undead_f, serial_undead_d,
          serial_undead_d, serial_undead_d
Temple:   compressed_dpeg_circular_temple

Skill      XL: |  1  2  3  4  5  6  7  8 |
---------------+-------------------------+-----
Spellcasting   | 5 7 |  7.6
Invocations    | 1 2 3 6 |  6.1
Fighting       | 1 2 5 |  5.6
Short Blades   | 1 2 5 |  5.6
Long Blades    | 1 2 5 |  5.6
Axes           | 1 2 5 |  5.6
Maces & Flails | 1 2 5 |  5.6
Polearms       | 1 2 5 |  5.6
Staves         | 1 2 5 |  5.6
Slings         | 1 2 5 |  5.6
Bows           | 1 2 5 |  5.6
Crossbows      | 1 2 5 |  5.6
Throwing       | 1 2 5 |  5.6
Armour         | 1 2 5 |  5.6
Shields        | 1 2 5 |  5.6
Unarmed Combat | 1 2 5 |  5.6
Evocations     | 1 2 5 |  5.6
Conjurations   | 1 2 4 |  4.6
Hexes          | 1 2 4 |  4.6
Summonings     | 1 2 4 |  4.6
Necromancy     | 1 2 4 |  4.6
Translocations | 1 2 4 |  4.6
Transmutations | 1 2 4 |  4.6
Fire Magic     | 1 2 4 |  4.6
Air Magic      | 1 2 4 |  4.6
Earth Magic    | 1 2 4 |  4.6
Poison Magic   | 1 2 4 |  4.6
Dodging        | 5 7 |  7.3
Stealth        | 5 7 |  7.1
Ice Magic      | 8 |  8.6

Action                   |  1- 3 |  4- 6 |  7- 9 || total
-------------------------+-------+-------+-------++-------
Melee: Unarmed           |    13 |       |       ||    13
       Short sword       |    22 |       |       ||    22
       Bite              |    10 |    10 |     5 ||    25
       Dagger            |    64 |   147 |       ||   211
       War axe           |       |    16 |   100 ||   116
 Cast: Freeze            |    24 |     5 |     9 ||    38
       Frozen Ramparts   |     1 |     3 |    10 ||    14
  Use: Potion            |       |     6 |     6 ||    12
       Scroll            |       |     3 |     2 ||     5
 Stab: Sleeping          |     2 |     1 |     1 ||     4
Armor: Robe              |    16 |       |       ||    16
       Ring mail         |    14 |    67 |    60 ||   141
       Skin              |       |     5 |       ||     5
Dodge: Dodged            |    76 |    94 |    84 ||   254
Block: Buckler           |       |    30 |    37 ||    67

Table legend: (Time is in decaauts)
 A = Elapsed time spent in this place.
 B = Non-inter-level travel time spent in this place.
 C = Inter-level travel time spent in this place.
 D = Time resting spent in this place.
 E = Time spent auto-exploring this place.
 F = Levels seen in this place.
 G = Mean time per level.
                   A        B        C        D        E       F      G
               +--------+--------+--------+--------+--------+-----+--------+
         Total |   8270 |   7773 |    497 |   1409 |   5189 |   8 | 1033.8 |
       Dungeon |   8256 |   7766 |    490 |   1409 |   5189 |   7 | 1179.4 |
        Temple |     14 |      7 |      7 |      0 |      0 |   1 |   14.0 |
               +--------+--------+--------+--------+--------+-----+--------+

Top non-repeatable levels by time:
     D:1: 1956 daAuts
     D:5: 1859 daAuts
     D:6: 1485 daAuts
     D:2: 965 daAuts
     D:3: 890 daAuts
     D:4: 889 daAuts
     D:7: 209 daAuts
  Temple: 14 daAuts
